Unix NetHack Version 5.0.0-0 post-release - last build May 17 2026 04:57:42 (dc50c8380fa5e20985bfe3072449f57b8d9895ef,branch:main).

Game began 2026-05-13 14:32:32, ended 2026-05-18 15:54:14.

Hekik, chaotic male human Rogue

                          ------------------------
                          |.^^^^^^^^^^^^^^^^^^^..|
                          |.-------------------..|
                          |.|        -----    |.----
                          |.|        |...--  --0|..|
                          |.|        |..0.|--|.....|
                          |.|        |.00.|..|..00.|
                          |.|        --0....0|00m.--
                          |.|------   |..0|..dd@00|
                          |.|.o...|-- |.00|..|.00.|
                          |.|.....+.| |...|---0.0.|
                          |.|.....|-| --.)|.......|
                          |.+..M..+.|  --%|..0.----
                          --|.....|-|   |%--.---
                            |.....+.|   |.....|
                            |.....|--   |..|.>|
                            -------     -------

Hekik the Rogue         St:8 Dx:17 Co:17 In:10 Wi:11 Ch:11  Chaotic
Dlvl:4  $:474 HP:0(68) Pw:39(39) AC:-5 Xp:9/3700 T:12424  Burdened

Latest messages:
 You kill the gecko!
 You see here 7 crossbow bolts.
 Really save? [yn] (n)
 Saving...
 Restoring save file...
 Hello Hekik, the human Rogue, welcome back to NetHack!
 Be careful!  New moon tonight.
 Your movements are slowed slightly because of your load.
 Sting flickers light blue!
 With great effort you move the boulder.
 You find a giant mimic.
 You don't know any spells right now.
 You hit the giant mimic!
 The giant mimic hits!
 The giant mimic hits again!
 In what direction?
 You throw 4 daggers.
 The 1st dagger hits the wolf.
 The 2nd dagger hits the wolf!
 The 3rd dagger hits the wolf.
 The 4th dagger hits the wolf.
 The giant mimic hits!
 The giant mimic hits again!
 The wolf bites!
 What do you want to zap? [oru or ?*]
 In what direction?
 The sleep ray hits the wolf.
 The sleep ray hits the wolf.
 The sleep ray bounces!
 In what direction?
 You throw 2 daggers.
 The 1st dagger hits the giant mimic!
 The 2nd dagger hits the giant mimic!
 In what direction?
 The dagger hits the giant mimic.
 The giant mimic hits!
 The giant mimic hits again!
 The giant mimic hits!
 The giant mimic hits again!
 #
 Are you sure you want to pray? [yn] (n)
 You begin praying to Kos.
 The giant mimic hits!
 The giant mimic hits again!
 You die...
 Do you want your possessions identified? [ynq] (y)
 Do you want to see your attributes? [ynq] (y)
 Do you want an account of creatures vanquished? [ynaq] (y)
 Do you want to see your conduct and achievements? [ynq] (y)
 Do you want to see the dungeon overview? [ynq] (y)

Inventory:
 Coins    ('$')
  $ - 474 gold pieces
 Weapons  (')')
  g - 5 uncursed +0 daggers (at the ready)
  d - the uncursed +0 Sting (weapon in right hand, flickering light blue)
 Armor    ('[')
  N - an uncursed +0 dwarvish iron helm (being worn)
  A - an uncursed +0 pair of gauntlets of dexterity (being worn)
  e - an uncursed +0 pair of iron shoes (being worn)
  S - an uncursed +0 dwarvish roundshield (being worn)
  O - a blessed +2 dwarvish cloak (being worn)
  B - an uncursed +0 dwarvish mithril-coat (being worn)
 Comestibles  ('%')
  s - 2 uncursed cloves of garlic
  y - an uncursed partly eaten food ration
  i - an uncursed lizard corpse
 Scrolls  ('?')
  l - an uncursed scroll of identify
 Potions  ('!')
  p - an uncursed potion of gain ability
  q - an uncursed potion of hallucination
  z - an uncursed potion of healing
  n - an uncursed potion of restore ability
  C - a blessed potion of speed
  k - an uncursed potion of speed
 Rings    ('=')
  x - an uncursed ring of free action
  t - an uncursed ring of invisibility
  h - an uncursed ring of poison resistance
  w - an uncursed ring of see invisible
  c - an uncursed ring of stealth
 Wands    ('/')
  u - an uncursed wand of cancellation (0:5)
  r - an uncursed wand of enlightenment (0:11)
  o - an uncursed wand of sleep (0:1)
 Tools    ('(')
  f - an uncursed sack containing 11 items
  a - an uncursed oil lamp
  v - an uncursed skeleton key
  m - an uncursed stethoscope
  H - an uncursed towel named uncursed

Contents of the sack:
  408 gold pieces
  an uncursed scroll of destroy armor
  an uncursed scroll of enchant weapon
  2 uncursed scrolls of remove curse
  an uncursed scroll of teleportation
  a blessed potion of extra healing
  2 uncursed potions of extra healing
  2 uncursed potions of gain energy
  an uncursed potion of paralysis
  an uncursed potion of restore ability
  a cursed potion of sickness

Hekik the Rogue's attributes:

Background:
 You were a Rogue, level 9 male human.
 You were chaotic, on a mission for Kos
 who was opposed by Issek (lawful) and Mog (neutral).
 You were right-handed.
 You were in Sokoban, on level 4.
 You entered the dungeon 12424 turns ago.
 There was a new moon in effect when your adventure ended.
 You had 3700 experience points, 1420 more were needed to attain level 10.

Basics:
 You had 0 out of 68 hit points.
 You had all 39 energy points (spell power).
 Your armor class was -5.
 Your wallet contained 474 zorkmids, and
 you had 408 more stashed away in your pack.
 Autopickup was off.

Final Characteristics:
 Your strength was 8 (peak:13, limit:18/100).
 Your dexterity was 17 (peak:18, limit:18).
 Your constitution was 17 (limit:18).
 Your intelligence was 10 (limit:18).
 Your wisdom was 11 (limit:18).
 Your charisma was 11 (limit:18).

Final Status:
 You were held by a giant mimic (northeast).
 You weren't hungry.
 You were burdened; movement was slightly slowed.
 You were wielding a dagger.
 You had expert skill with dagger.

Final Attributes:
 You were piously aligned.
 Your items were somewhat protected from fire.
 Your items were somewhat protected from cold.
 You were poison resistant.
 You were telepathic.
 You were aware of the presence of orcs.
 You were stealthy.
 You were guarded.
 You are dead.

Miscellaneous:
 You didn't encounter any bones levels.
 Total elapsed playing time was 4 hours, 33 minutes and 51 seconds.

Major events:
 Turn
    1: Hekik the chaotic male human Rogue entered the dungeon
  816: attained the rank of Cutpurse (level 3)
 4144: attained the rank of Rogue (level 6)
 4495: entered the Gnomish Mines
 4555: chose an elven dagger to be named "Sting"
 5643: reached Mine Town
 8583: consulted the Oracle
 9190: entered Sokoban
10094: completed 1st Sokoban level
11047: completed 2nd Sokoban level
11913: completed 3rd Sokoban level
12424: killed by a giant mimic, while praying

You didn't know any spells.

Skills:
 Fighting Skills
   bare handed combat [Unskilled]
   two weapon combat  [Unskilled]
   riding             [Unskilled]
 Weapon Skills
   dagger             [Expert]
   knife              [Unskilled]
   short sword        [Basic]
   broadsword         [Unskilled]
   long sword         [Unskilled]
   two-handed sword   [Unskilled]
   saber              [Unskilled]
   club               [Unskilled]
   mace               [Unskilled]
   morning star       [Unskilled]
   flail              [Unskilled]
   hammer             [Unskilled]
   polearms           [Unskilled]
   spear              [Unskilled]
   crossbow           [Unskilled]
   dart               [Unskilled]
   shuriken           [Unskilled]
 Spellcasting Skills
   divination spells  [Unskilled]
   escape spells      [Unskilled]
   matter spells      [Unskilled]

Voluntary challenges:
 Character rerolling was not enabled.
 You never genocided any monsters.
 You never polymorphed an object.
 You never changed form.
 You used no wishes.
 You did not violate any of the special Sokoban rules.
Achievements:
 You entered a shop.
 You attained the rank of Cutpurse.
 You attained the rank of Rogue.
 You entered the Gnomish Mines.
 You entered Minetown.
 You consulted the Oracle of Delphi.
 You entered Sokoban.

 The Dungeons of Doom: levels 1 to 8
    Level 1:
       A fountain.
    Level 2:
       A ring shop, some fountains.
       Stairs down to The Gnomish Mines.
    Level 3:
       A general store.
    Level 4:
       A general store, some fountains.
    Level 5:
       A fountain.
    Level 6:
       A fountain.
    Level 7:
       Many fountains.
       Oracle of Delphi.
    Level 8:
       Stairs up to Sokoban, level 7.
 The Gnomish Mines: levels 3 to 6
    Level 3:
    Level 4:
    Level 5:
       An altar to Kos, some fountains.
    Level 6:
 Sokoban: levels 7 up to 4
    Level 4: <- You were here.
       Unsolved.
       Final resting place for
          you, killed by a giant mimic, while praying.
    Level 5:
       Solved.
    Level 6:
       Solved.
    Level 7:
       Solved.


Vanquished creatures:
  4 wargs
 an ettin mummy
  2 pyrolisks
  3 tengu
 an ochre jelly
  a carnivorous ape
  2 leather golems
  2 quivering blobs
  a cockatrice
  2 leprechauns
  2 orc-captains
  2 iron piercers
  2 giant spiders
  a vampire bat
  3 gnome rulers
  2 owlbears
  a gold golem
  3 lizards
  a dog
  2 jaguars
  2 dwarf leaders
  a blue jelly
  a dust vortex
  2 ravens
  2 snakes
  a human zombie
  a rope golem
  a soldier ant
 an imp
  2 water nymphs
  a mountain nymph
  4 Uruk-hai
  9 orc shamans
  a rock piercer
  a pony
  2 fog clouds
  4 yellow lights
  6 gnome leaders
  2 gnomish wizards
  a gray ooze
 an elf zombie
  2 ghouls
  a straw golem
  a paper golem
  4 giant ants
  4 floating eyes
  4 kittens
  6 dwarves
  3 homunculi
  3 kobold leaders
 21 hill orcs
  8 rothes
  4 rabid rats
  a centipede
  a giant bat
 an orc zombie
  a wererat
  a werejackal
  5 iguanas
  9 killer bees
  2 acid blobs
  a coyote
  4 gas spores
  4 hobbits
  3 manes
  a large kobold
  3 hobgoblins
  7 giant rats
  2 green molds
 23 gnomes
  6 garter snakes
  a gnome zombie
  9 geckos
 10 jackals
  a fox
  3 kobolds
  6 goblins
  6 sewer rats
  7 grid bugs
  5 bats
  9 lichens
  a kobold zombie
  9 newts
287 creatures vanquished.

No species were genocided or became extinct.

Game over:
                       ----------
                      /          \
                     /    REST    \
                    /      IN      \
                   /     PEACE      \
                  /                  \
                  |      Hekik       |
                  |      882 Au      |
                  |   killed by a    |
                  |   giant mimic    |
                  |                  |
                  |                  |
                  |       2026       |
                 *|     *  *  *      | *
        _________)/\\_//(\/(/\)/\//\/|_)_______

Goodbye Hekik the Rogue...

You died in Sokoban on dungeon level 4 with 16015 points,
and 882 pieces of gold, after 12424 moves.
You were level 9 with a maximum of 68 hit points when you died.

